 Dungeon Crawl Stone Soup version 0.28.0-47-ge53b351184 (webtiles) character file.

Game seed: 14514633302120822955

56 GigaChad the Covered (level 3, -1/30 (33) HPs)
             Began as a Minotaur Fighter on May 10, 2022.
             Slain by a necrophage (4 damage)
             ... on level 4 of the Dungeon.
             The game lasted 00:06:09 (2479 turns).

GigaChad the Covered (Minotaur Fighter)             Turns: 2479, Time: 00:06:10

HP:   -1/30 (33)    AC:  8    Str: 20    XL:     3   Next: 71%
MP:   2/2           EV:  9    Int:  5    God:
Gold: 54            SH:  4    Dex: 11    Spells: 2/2 levels left

rFire   . . .      SeeInvis .   a - +1 long sword
rCold   . . .      Faith    .   c - +0 buckler
rNeg    . . .      Spirit   .   b - +1 scale mail
rPois   .          Reflect  .   (helmet restricted)
rElec   .          Harm     .   (no cloak)
rCorr   .          Rampage  .   (no gloves)
Will    .....                   (no boots)
Stlth   ..........              (no amulet)
HPRegen 0.10/turn               (no ring)
MPRegen 0.08/turn               (no ring)

@: drained
A: horns 2, retaliatory headbutt
a: no special abilities


You were on level 4 of the Dungeon.
You visited 1 branch of the dungeon, and saw 4 of its levels.

You collected 54 gold pieces.

Inventory:

Hand Weapons
 a - a +1 long sword (weapon)
Armour
 b - a +1 scale mail (worn)
 c - a +0 buckler (worn)
Scrolls
 e - 3 scrolls of identify {unknown}
 f - a scroll of torment {unknown}
 h - 2 scrolls of teleportation
Potions
 d - 2 potions of might
 i - a potion of resistance {unknown}
 k - a potion of invisibility {unknown}
 l - a potion of cancellation {unknown}


   Skills:
 + Level 4.2 Fighting
 + Level 2.8 Long Blades
 + Level 4.5 Armour
 + Level 0.9 Dodging
 + Level 4.1 Shields


You had 2 spell levels left.
You didn't know any spells.
Your spell library contained the following spells:

 Spells                   Type           Power      Damage    Failure   Level
 Magic Dart               Conj           0%         1d3       88%         1
 Sting                    Tmut/Pois      0%         1d3       88%         1
 Call Imp                 Summ           0%         N/A       96%         2
 Poisonous Vapours        Pois/Air       0%         N/A       96%         2
 Gell's Gravitas          Tloc           0%         N/A       99%         3
 Mephitic Cloud           Conj/Pois/Air  0%         N/A       99%         3
 Teleport Other           Tloc           0%         N/A       99%         3
 Olgreb's Toxic Radiance  Pois           0%         N/A       100%        4
 Dispersal                Tloc           0%         N/A       100%        6


Dungeon Overview and Level Annotations

Branches:
Dungeon (4/15)
 Temple: D:4-7

Altars:
Dithmenos
Kikubaaqudgha

Shops:
D:2 :

Annotations:
D:4 Robin


Innate Abilities, Weirdness & Mutations

You have a pair of horns on your head.
You reflexively headbutt those who attack you in melee.


Message History

Things that are here:
a +0 club; an orc corpse You closely miss the kobold.
You headbutt the kobold.
The kobold is moderately wounded.
You feel sick.
The necrophage hits you but does no damage.
The kobold hits you with a +0 dagger.
You miss the kobold. You headbutt the kobold.
You kill the kobold!
You feel sick. The necrophage hits you.
You feel drained. You block the necrophage's attack.
You feel sick. The necrophage hits you.
Things that are here:
a +0 dagger; 8 poisoned darts; a kobold corpse You barely miss the necrophage.
You feel sick.
You are no longer poisoned.
You block the necrophage's attack.
You barely miss the necrophage. The necrophage hits you.
* * * LOW HITPOINT WARNING * * *
You closely miss the necrophage. Your headbutt misses the necrophage.
The necrophage hits you.
* * * LOW HITPOINT WARNING * * *
You feel drained.
The necrophage hits you but does no damage.
You closely miss the necrophage. Your headbutt misses the necrophage.
The necrophage hits you.
* * * LOW HITPOINT WARNING * * *
You feel drained.
You hit the necrophage.
The necrophage is lightly damaged.
The necrophage hits you.
* * * LOW HITPOINT WARNING * * *
You completely miss the necrophage. You headbutt the necrophage!
The necrophage is moderately damaged.
The necrophage hits you but does no damage.
You block the necrophage's attack.
You hit the necrophage.
The necrophage is moderately damaged.
The necrophage hits you.
You die...

.. ..... ..
.#.#. .. ##
#..... .. ..
#.###..#.#. ..
#.. .........g
#.
#..####.#.......
#....##.....#..
#....#n@..##..#
###.>..).......
##.....)#.......
#.......##......
##.##)..#.......
#.......#..##..
#.....<## .# .
###.....# ##
#.##.##


You could see a necrophage and a hobgoblin (wandering).

Vanquished Creatures
  3 dart slugs
  2 orcs
  4 ball pythons
  2 bats
  5 endoplasms
  A giant cockroach (D:1)
  4 goblins
  5 hobgoblins
  3 quokkas
  3 frilled lizards (D:1)
  8 kobolds
  3 rats
43 creatures vanquished.

Vanquished Creatures (others)
  A human (D:3)
1 creature vanquished.

Grand Total: 44 creatures vanquished

Notes
Turn   | Place    | Note
-------+----------+-------------------------------------------
     0 | D:1      | GigaChad the Minotaur Fighter began the quest for the Orb.
     0 | D:1      | Reached XP level 1. HP: 19/19 MP: 0/0
   109 | D:1      | Reached XP level 2. HP: 25/27 MP: 1/1
  1052 | D:2      | Found a shadowy altar of Dithmenos.
  1053 | D:2      | Found Loleock's Book Boutique.
  1107 | D:2      | Reached XP level 3. HP: 32/33 MP: 2/2
  1800 | D:3      | Found a faded altar of an unknown god.
  2283 | D:3      | Found an ancient bone altar of Kikubaaqudgha.
  2284 | D:3      | Noticed a human
  2288 | D:3      | Killed a human
  2388 | D:4      | Noticed Robin
  2464 | D:4      | Noticed a necrophage
  2479 | D:4      | Slain by a necrophage

Illustrated notes

Levels and vault maps discovered:
D:1:      minmay_arrival_solitary_statue, layout_basic, supply_closet_lemuel,
          st_stairs_2, minmay_misc_feat_roman, chequers_serial_rivers_micro_e,
          minmay_misc_feat_pillars
D:2:      layout_loops_cross, serial_shops, shop, basic_altar,
          kennysheep_nondescript
D:3:      layout_basic, tgw_kikubaaqudgha, chequers_ecumenical_altar_twisty
D:4:      layout_cave_pools, minmay_temple_entry_poolview, serial_glass,
          glass_columns_a, glass_columns_b, glass_columns_c, glass_columns_a,
          item_on_display_a, item_on_display_a, item_on_display_a,
          item_on_display_a, nicolae_shop_clearance, uniq_robin

Skill      XL: |  1  2 |
---------------+-------+-----
Shields        | 4 |  4.1
Armour         | 4 |  4.5
Fighting       | 4 |  4.2
Long Blades    | |  2.8
Dodging        | |  0.9

Action                   || total
-------------------------++-------
Melee: Long sword        ||    92
       Headbutt          ||    13
  Use: Scroll            ||     6
Armor: Scale mail        ||    50
Dodge: Dodged            ||    50
Block: Buckler           ||    29
